AoeStats
← BalduinoIV--2026

Arabia

510854648Analyzed
1v1 RM · 7h ago on Oct 2, 2026· 57m 27s· 2 players
Game mode
Random Map
Map size
Tiny (2 player)
Population
200
Speed
Normal
Resources
Standard
Victory
Conquest
Starting age
Dark Age
Ending age
Imperial Age
RankedLock teamsTeams togetherTeam positionsShared explorationLock speedFull tech treeHidden civsTurbo modeCheats
Victory
Defeat
🇧🇴 Mongols · Bolivia
679
+16
🇩🇪 Teutons · Germany
684
-16
BalduinoIV--2026
2:48 Loom
10:06 Feudal Age
13:36 Forging
20:48 Castle Age
20:20 Horse Collar
20:29 Double-Bit Axe
22:17 Fletching
23:32 Wheelbarrow
26:09 Pikeman
27:41 Bow Saw
28:55 Ballistics
32:21 Town Watch
32:46 Gold Mining
33:08 Heavy Plow
34:49 Iron Casting
34:20 Scale Barding Armor
35:48 Masonry
45:47 Imperial Age
44:50 Squires
48:31 Conscription
47:43 Elite Steppe Lancer
49:41 Blast Furnace
51:35 Chemistry
52:58 Bloodlines
53:50 Gold Shaft Mining
53:59 Chain Barding Armor
53:51 Bodkin Arrow
55:58 Onager
martin.santro69
5:52 Loom
10:28 Feudal Age
11:46 Wheelbarrow
12:43 Town Watch
14:59 Double-Bit Axe
15:33 Horse Collar
16:26 Scale Mail Armor
19:17 Forging
24:47 Castle Age
26:05 Iron Casting
26:28 Bow Saw
26:57 Fletching
27:24 Elite Skirmisher
27:30 Man-at-Arms
27:58 Gambesons
30:04 Long Swordsman
30:05 Pikeman
31:27 Ironclad
31:00 Gold Mining
31:17 Heavy Plow
32:15 Squires
32:37 Arson
34:08 Bloodlines
35:09 Crossbowman
41:02 Hand Cart
40:47 Town Patrol
50:12 Chain Mail Armor
56:02 Imperial Age
54:02 Stone Mining
56:54 Padded Archer Armor
Connection lost

Rejoining the realm…

Still unreachable

The connection could not be restored.

Session expired

The server has moved on; the page needs a fresh start.